 Dungeon Crawl Stone Soup version 0.23-a0-767-gdc19b93d68 (webtiles) character file.

640 Artagas the Purveyor of Pain (level 7, -1/48 HPs)
             Began as a Vampire Necromancer on Jan 19, 2019.
             Was an Initiate of Kikubaaqudgha.
             Slain by a water moccasin (8 damage)
             ... on level 6 of the Dungeon.
             The game lasted 00:19:15 (11622 turns).

Artagas the Purveyor of Pain (Vampire Necromancer) Turns: 11622, Time: 00:19:15

Health: -1/48      AC:  2    Str:  7    XL:     7   Next: 26%
Magic:  11/12      EV: 13    Int: 20    God:    Kikubaaqudgha [......]
Gold:   280        SH:  0    Dex: 14    Spells: 2/12 levels left

rFire    . . .     SeeInvis +   h - +1 short sword
rCold    + + .     Gourm    .   (no shield)
rNeg     + + +     Faith    .   a - +0 robe
rPois    ∞         Spirit   .   (no helmet)
rElec    .         Reflect  .   (no cloak)
rCorr    .         Harm     .   (no gloves)
MR       .....                  (no boots)
Stlth    +++++.....             (no amulet)
HPRegen  0.00/turn              (no ring)
MPRegen  0.13/turn              (no ring)

@: bloodless, non-regenerating
A: fangs 3, see invisible, unbreathing
a: Bat Form, Renounce Religion


You were on level 6 of the Dungeon.
You worshipped Kikubaaqudgha.
Kikubaaqudgha was noncommittal.
You were bloodless.

You visited 2 branches of the dungeon, and saw 7 of its levels.

You collected 280 gold pieces.

Inventory:

Hand Weapons
 h - a +1 short sword (weapon)
   (You took it off a kobold on level 1 of the Dungeon)
 o - a +0 falchion of draining
   (You found it on level 5 of the Dungeon)
Missiles
 f - a throwing net (quivered)
Armour
 a - a +0 robe (worn)
Jewellery
 e - a +3 ring of strength {unknown}
   (You found it on level 2 of the Dungeon)
 n - an uncursed ring of poison resistance {unknown}
   (You found it on level 5 of the Dungeon)
Scrolls
 c - a scroll of immolation {unknown}
 i - a scroll of enchant armour {unknown}
 j - a scroll of amnesia {unknown}
 l - a scroll of magic mapping
 m - 2 scrolls of enchant weapon
 r - 2 scrolls of identify
 t - 5 scrolls of teleportation
 w - a scroll of remove curse
 z - a scroll of blinking
Potions
 b - a potion of cancellation {unknown}
 d - a potion of mutation {unknown}
 g - 2 potions of heal wounds {unknown}
 k - a potion of brilliance {unknown}
 p - a potion of ambrosia {unknown}
 q - 2 potions of curing
 s - a potion of agility {unknown}


   Skills:
 + Level 1.1 Fighting
 - Level 3.0 Dodging
 + Level 4.6 Stealth
 + Level 3.3 Spellcasting
 - Level 3.0 Hexes
 - Level 8.0 Necromancy


You had 2 spell levels left.
You knew the following spells:

 Your Spells              Type           Power        Failure   Level  Hunger
a - Pain                  Necr           ####         1%          1    None
b - Animate Dead          Necr           N/A          4%          4    ####...
c - Vampiric Draining     Necr           #####.....   1%          3    ###....
d - Animate Skeleton      Necr           N/A          1%          1    None
e - Confusing Touch       Hex            ###...       4%          1    None

Your spell library contained the following spells:

 Spells                   Type           Power        Failure   Level  Hunger
 Apportation              Tloc           #.....       14%         1    None
 Summon Small Mammal      Summ           #...         14%         1    None
 Regeneration             Chrm/Necr      ###.......   8%          3    ###....


Dungeon Overview and Level Annotations

Branches:
Dungeon (6/15)             Temple (1/1) D:5

Altars:
Ashenzari
Cheibriados
Dithmenos
Elyvilon
Fedhas
Gozag
Hepliaklqana
Kikubaaqudgha
Makhleb
Nemelex Xobeh
Okawaru
Qazlal
Ru
Uskayaw
Vehumet
Wu Jian
Xom
Yredelemnul
The Shining One


Innate Abilities, Weirdness & Mutations

You do not heal naturally.
You are immune to poison.
You have razor-sharp teeth.
You have supernaturally acute eyesight. (SInv)
You can survive without breathing.


Message History

You open the door.
Found a stone staircase leading down.
There is an open door here.
Found a robe.
There is an open door here.
Found an escape hatch in the ceiling.
An adder zombie is nearby!
A jackal comes into view.
The helpless adder zombie fails to defend itself.
You puncture the adder zombie!
The adder zombie is heavily damaged.
The adder zombie barely misses you.
You hit the adder zombie.
The adder zombie is severely damaged.
The adder zombie bites you.
You barely miss the adder zombie.
The adder zombie is severely damaged.
The adder zombie bites you.
You barely miss the adder zombie.
The adder zombie is severely damaged.
The adder zombie barely misses you. The adder zombie closely misses you.
You closely miss the adder zombie.
The adder zombie is severely damaged.
The adder zombie bites you.
You hit the adder zombie. Your bite misses the adder zombie.
The adder zombie is almost destroyed.
The adder zombie bites you but does no damage.
You closely miss the adder zombie.
The adder zombie is almost destroyed.
The adder zombie bites you.
You hit the adder zombie.
You destroy the adder zombie!
Kikubaaqudgha accepts your kill.
A jackal comes into view.
Casting: Pain (safe; 1% risk of failure)
Confirm with . or Enter, or press ? or * to list all spells.
Aiming: Vampiric Draining (safe; 1% risk of failure)
Press: ? - help, Shift-Dir - straight line, f - jackal
Aim: a jackal (resting)
You kill the jackal!
Kikubaaqudgha accepts your kill.
You feel life coursing into your body.
The jackal barks!
Casting: Vampiric Draining (safe; 1% risk of failure)
Confirm with . or Enter, or press ? or * to list all spells.
Aiming: Vampiric Draining (safe; 1% risk of failure)
Press: ? - help, Shift-Dir - straight line, f - jackal
Aim: a jackal You kill the jackal!
Kikubaaqudgha accepts your kill.
Your Fighting skill increases to level 1!
You feel life coursing into your body.
You hear a distant slurping noise.
A centaur skeleton comes into view.
You see here a jackal corpse.
Casting: Vampiric Draining (safe; 1% risk of failure)
Confirm with . or Enter, or press ? or * to list all spells.
You call on the dead to rise...
The dead are walking!
The centaur skeleton closely misses you.
You hit the centaur skeleton.
The centaur skeleton is lightly damaged.
The centaur skeleton closely misses you.
The centaur skeleton barely misses you.
You hit the centaur skeleton.
The centaur skeleton is lightly damaged.
The centaur skeleton hits you.
Your jackal zombie bites the centaur skeleton.
You hit the centaur skeleton.
The centaur skeleton is moderately damaged.
The centaur skeleton hits you.
Your jackal zombie bites the centaur skeleton.
You hit the centaur skeleton. You bite the centaur skeleton.
The centaur skeleton is heavily damaged.
The centaur skeleton barely misses you.
Your jackal zombie bites the centaur skeleton.
The centaur skeleton closely misses you.
Your jackal zombie bites the centaur skeleton.
You hit the centaur skeleton.
You bite the centaur skeleton, but do no damage.
The centaur skeleton is severely damaged.
The centaur skeleton misses you.
Your jackal zombie bites the centaur skeleton.
You hit the centaur skeleton.
The centaur skeleton is almost destroyed.
The centaur skeleton hits you!
* * * LOW HITPOINT WARNING * * *
Your jackal zombie bites the centaur skeleton.
The centaur skeleton hits you.
* * * LOW HITPOINT WARNING * * *
Your jackal zombie bites the centaur skeleton.
The centaur skeleton is destroyed!
Kikubaaqudgha accepts your kill.
You start resting.
A wight comes into view.
It is wielding a +1 scimitar of freezing.
Okay, then.
A water moccasin comes into view.
The water moccasin hisses angrily.
The water moccasin bites you!
You die...
Kikubaaqudgha rasps: "You have failed me!
Welcome... oblivion!"

#.......# #.......#
#.......# #.......#
#.......#
#.......#####
#########............
#....................
#...........Z@S......
#....................
#....................
#....................
#.......z########....
#.......<#......#....
####........+......#
...
.)..........#......#
..
............#......#


You could see a water moccasin, a wight and a friendly jackal zombie.

Vanquished Creatures
  An ice beast (D:5)
  A crimson imp (D:5)
  2 hounds (D:4)
  An iguana (D:5)
  2 orc wizards (D:5)
  3 worker ants (D:4)
  A hound zombie (D:5)
  2 worker ant zombies
  3 gnolls (D:4)
  A howler monkey skeleton (D:4)
  6 adders
  A white imp (D:4)
  3 oozes
  An adder zombie (D:6)
  An adder skeleton (D:6)
  4 worms
  5 dart slugs
  3 leopard geckos
  4 orcs
  A ball python (D:2)
  5 giant cockroaches
  13 goblins
  12 hobgoblins
  8 jackals
  7 kobolds
  2 quokkas
  12 bats
  3 frilled lizards
  A quokka zombie (D:5)
  6 rats
115 creatures vanquished.

Vanquished Creatures (collateral kills)
  A centaur skeleton (D:6)
1 creature vanquished.

Grand Total: 116 creatures vanquished

Notes
Turn   | Place    | Note
-------+----------+-------------------------------------------
     0 | D:1      | Artagas the Vampire Necromancer began the quest for the
                  | Orb.
     0 | D:1      | Reached XP level 1. HP: 13/13 MP: 3/3
     7 | D:1      | Noticed a redback
     7 | D:1      | Noticed a swamp drake
     7 | D:1      | Noticed a black mamba
   382 | D:1      | Reached XP level 2. HP: 16/19 MP: 0/5
   385 | D:1      | Learned a level 1 spell: Animate Skeleton
  1149 | D:1      | Reached XP level 3. HP: 24/24 MP: 4/6
  1422 | D:1      | Learned a level 3 spell: Vampiric Draining
  2546 | D:1      | Reached skill level 4 in Stealth
  2584 | D:2      | Reached skill level 3 in Dodging
  2666 | D:2      | Reached skill level 5 in Necromancy
  3108 | D:2      | Reached XP level 4. HP: 28/30 MP: 2/7
  3904 | D:2      | Found a white marble altar of Elyvilon.
  3910 | D:2      | Found a stormy altar of Qazlal.
  4034 | D:2      | Reached skill level 6 in Necromancy
  4350 | D:3      | Reached XP level 5. HP: 28/35 MP: 8/8
  4578 | D:3      | Found a blossoming altar of Fedhas.
  5822 | D:4      | Reached skill level 3 in Spellcasting
  7195 | D:4      | Reached XP level 6. HP: 39/41 MP: 6/10
  7200 | D:4      | Reached skill level 7 in Necromancy
  7210 | D:4      | Learned a level 4 spell: Animate Dead
  7338 | D:4      | Learned a level 1 spell: Confusing Touch
  7614 | D:5      | Entered Level 5 of the Dungeon
  7621 | D:5      | Reached skill level 1 in Hexes
  9158 | D:5      | Noticed an ice beast
  9166 | D:5      | Killed an ice beast
  9166 | D:5      | Reached skill level 3 in Hexes
  9490 | D:4      | Reached XP level 7. HP: 12/46 MP: 0/11
  9682 | D:5      | Reached skill level 8 in Necromancy
 10165 | D:5      | Found a staircase to the Ecumenical Temple.
 10174 | Temple   | Entered the Ecumenical Temple
 10331 | Temple   | Became a worshipper of Kikubaaqudgha
 10730 | D:6      | HP: 7/47 [orc wizard/puff of frost (3)]
 11544 | D:6      | Reached skill level 1 in Fighting
 11586 | D:6      | HP: 7/48 [centaur skeleton (1)]
 11622 | D:6      | Slain by a water moccasin

Vault maps used:
D:1:      onia_arrival_zoo_common, hangedman_decor_peaks_small,
          minmay_box_of_dots
D:2:      minitemple, minmay_circle_x
D:3:      fedhas_ov_isle_minmay, minmay_misc_feat_enclosed
D:4:      first_ration, minmay_fire_ice_demons
D:5:      minmay_temple_entry_antechambers
D:6:      gammafunk_temple_overflow_wave, kennysheep_mini_moat
Temple:   regret_index_temple_sphere_string

Skill      XL: |  1  2  3  4  5  6  7 |
---------------+----------------------+-----
Stealth        | 4 |  4.6
Dodging        | 3 |  3.0
Necromancy     | 5 6 7 8 |  8.0
Spellcasting   | 3 |  3.3
Hexes          | 3 |  3.0
Fighting       | 1 |  1.1

Action                   |  1- 3 |  4- 6 |  7- 9 || total
-------------------------+-------+-------+-------++-------
Melee: Short sword       |    17 |   176 |    36 ||   229
       Bite              |     1 |    19 |     6 ||    26
       Falchion          |       |       |     5 ||     5
 Cast: Pain              |    73 |   104 |    17 ||   194
       Vampiric Draining |     2 |     3 |     2 ||     7
       Animate Skeleton  |       |     3 |       ||     3
       Confusing Touch   |       |     5 |     1 ||     6
       Animate Dead      |       |     1 |     1 ||     2
 Abil: End Transformatio |       |     2 |     1 ||     3
       Bat Form          |       |     2 |     1 ||     3
  Use: Potion            |     3 |     8 |     1 ||    12
       Scroll            |     4 |     3 |       ||     7
 Stab: Sleeping          |     1 |    14 |     4 ||    19
       Confused          |       |     1 |     1 ||     2
       Distracted        |       |     1 |       ||     1
  Eat: Corpse            |     1 |     2 |     2 ||     5
Armor: Robe              |     6 |    30 |     2 ||    38
Dodge: Dodged            |    35 |   149 |    26 ||   210
       Rpst.: Falchion   |       |       |     1 ||     1

Table legend:
 A = Non-vault XP
 B = Vault XP
 C = Vault XP percentage of total XP
 D = Non-vault monster count
 E = Vault monster count
 F = Vault count percentage of total count
                 A         B        C        D         E       F
            +---------+---------+-------+---------+---------+-------
      Total |     879 |      36 |   3.9 |     104 |      12 |  10.3
            +---------+---------+-------+---------+---------+-------
        D:1 |      40 |      16 |  28.6 |      19 |       5 |  20.8
        D:2 |     113 |      10 |   8.1 |      29 |       6 |  17.1
        D:3 |      59 |       0 |   0.0 |      24 |       0 |   0.0
        D:4 |     243 |      10 |   4.0 |      10 |       1 |   9.1
        D:5 |     350 |       0 |   0.0 |      14 |       0 |   0.0
        D:6 |      74 |       0 |   0.0 |       8 |       0 |   0.0
            +---------+---------+-------+---------+---------+-------

Vault maps used:
D:1:      onia_arrival_zoo_common, hangedman_decor_peaks_small,
          minmay_box_of_dots
D:2:      minitemple, minmay_circle_x
D:3:      fedhas_ov_isle_minmay, minmay_misc_feat_enclosed
D:4:      first_ration, minmay_fire_ice_demons
D:5:      minmay_temple_entry_antechambers
D:6:      gammafunk_temple_overflow_wave, kennysheep_mini_moat
Temple:   regret_index_temple_sphere_string

Table legend:
 A = Turns spent in this place as a percentage of turns spent in the entire game.
 B = Non-inter-level travel turns spent in this place as a percentage of non-inter-level travel turns spent in the entire game.
 C = Inter-level travel turns spent in this place as a percentage of turns spent in this place.
 D = Turns resting spent in this place as a percentage of non-inter-level travel turns spent in this place.
 E = Turns spent auto-exploring this place as a percentage of non-inter-level travel turns spent in this place.
 F = Non-inter-level travel turns spent in this place divided by the number of levels of this place that you've seen.
                   A       B       C       D       E      F
               +-------+-------+-------+-------+-------+----------------------
         Total | 100.0 | 100.0 |   3.2 |  39.4 |  47.6 | 1606.9
       Dungeon |  98.6 |  98.6 |   3.2 |  39.9 |  47.0 | 1848.2
        Temple |   1.4 |   1.4 |   5.4 |   0.0 |  93.1 | 159.0
               +-------+-------+-------+-------+-------+----------------------

Table legend:
 A = Kills in this place as a percentage of kills in entire the game.
 B = Kills by you in this place as a percentage of kills by you in the entire game.
 C = Kills by friends in this place as a percentage of kills by friends in the entire game.
 D = Other kills in this place as a percentage of other kills in the entire game.
 E = Experience gained in this place as a percentage of experience gained in the entire game.
 F = Experience gained in this place divided by the number of levels of this place that you have seen.
                   A       B       C       D       E      F
               +-------+-------+-------+-------+-------+----------------------
         Total | 100.0 | 100.0 | 100.0 |   N/A | 100.0 | 130.7
       Dungeon | 100.0 | 100.0 | 100.0 |   N/A | 100.0 | 152.5
               +-------+-------+-------+-------+-------+----------------------
